 Dungeon Crawl Stone Soup version 0.19-a0-1107-gc676ff4 (webtiles) character file.

150 HaroldButt the Ruffian (level 5, 0/32 HPs)
             Began as a Gargoyle Monk on Aug 10, 2016.
             Slain by an orc priest
             ... wielding a +0 trident
              (4 damage)
             ... on level 3 of the Dungeon.
             The game lasted 00:04:57 (2234 turns).

HaroldButt the Ruffian (Gargoyle Monk)              Turns: 2234, Time: 00:04:57

Health: 0/32       AC: 11    Str: 15    XL:     5   Next: 32%
Magic:  5/5        EV: 11    Int: 11    God:
Gold:   87         SH:  0    Dex: 12    Spells: 0 memorised, 4 levels left

rFire  . . .     SeeInvis .       - Unarmed
rCold  . . .     Gourm    .     f - +0 ring mail
rNeg   + . .     Faith    .     (no shield)
rPois  ∞         Spirit   .     (no helmet)
rElec  +         Dismiss  .     n - +0 cloak
rCorr  .         Reflect  .     (no gloves)
SustAt .         Harm     .     h - +0 pair of boots
MR     .....                    (no amulet)
Stlth  +.........               (no ring)
                                (no ring)

@:
A: negative energy resistance 1, electricity resistance, unbreathing,
petrification resistance, rot immunity, AC +4
a: no special abilities


You were on level 3 of the Dungeon.
You were very hungry.

You visited 1 branch of the dungeon, and saw 3 of its levels.

You collected 87 gold pieces.

Inventory:

Missiles
 d - 118 stones (quivered)
Armour
 a - a +0 robe
 f - a +0 ring mail (worn)
 h - a +0 pair of boots (worn)
 n - a +0 cloak (worn)
Scrolls
 l - a scroll of random uselessness {unknown}
 m - a scroll of remove curse {unknown}
 o - 3 scrolls of noise {unknown}
Potions
 c - 2 potions of mutation {unknown}
 e - a potion of curing {unknown}
 i - a potion of ambrosia {unknown}
 j - a potion of might {unknown}
Comestibles
 b - a bread ration
 g - 2 slices of pizza
 k - a meat ration


   Skills:
 - Level 3.2 Fighting
 - Level 2.4 Dodging
 - Level 2.1 Stealth
 + Level 5.8 Unarmed Combat


You had 4 spell levels left.
You didn't know any spells.

Dungeon Overview and Level Annotations

Branches:
Dungeon (3/15)

Altars:


Innate Abilities, Weirdness & Mutations

You are resistant to torment.
Your stone body is resilient. (AC +4)
You are immune to poison.
You resist negative energy. (rN+)
You are resistant to electric shocks. (rElec)
You can survive without breathing.
You are immune to petrification.
You are immune to rotting.


Message History

You hit the orc priest but do no damage.
The orc priest is lightly wounded.
The orc priest closely misses you.
You hit the orc priest but do no damage.
The orc priest is lightly wounded.
You punch the orc priest!
The orc priest is severely wounded.
The orc priest hits you but does no damage.
You hit the orc priest.
The orc priest is almost dead.
The orc priest hits you but does no damage.
You barely miss the orc priest.
The orc priest is almost dead.
The orc priest invokes the aid of Beogh against you.
Beogh smites you!
* * * LOW HITPOINT WARNING * * *
You closely miss the orc priest.
The orc priest is almost dead.
The orc priest hits you with a trident.
You die...

#.# #.. ###.. ##### ....
...#### ##.. ##.##o##
#.#...####...@#.####?##.#
#.......[....###gg.o....#
#.....<###....#.###o.....
#......# ##.##.## ....#
#.#[...# #.##.# #... #
###..# #.##.# .. ....
.....# . .#..# ###...
.#..# #..#


You could see an orc priest.

Vanquished Creatures
  An orc wizard (D:3)
  4 gnolls (D:2)
  2 adders
  2 worms
  2 dart slugs
  2 giant geckos
  An orc (D:3)
  3 ball pythons (D:2)
  2 bats (D:2)
  3 giant cockroaches
  4 goblins
  8 hobgoblins
  6 jackals
  8 kobolds
  3 rats
51 creatures vanquished.

Notes
Turn   | Place    | Note
-------+----------+-------------------------------------------
     0 | D:1      | HaroldButt the Gargoyle Monk began the quest for the Orb.
     0 | D:1      | Reached XP level 1. HP: 14/14 MP: 1/1
   343 | D:2      | Reached XP level 2. HP: 19/19 MP: 2/2
   650 | D:2      | Reached skill level 4 in Unarmed Combat
   717 | D:2      | Reached XP level 3. HP: 23/23 MP: 3/3
  1036 | D:2      | Reached XP level 4. HP: 14/28 MP: 4/4
  1046 | D:2      | Reached skill level 5 in Unarmed Combat
  2184 | D:3      | Reached XP level 5. HP: 32/32 MP: 5/5
  2234 | D:3      | Slain by an orc priest

Vault maps used:
D:1:      evilmike_arrival_run_for_it, serial_glass, glass_columns_a,
          glass_columns_c

Skill      XL: |  1  2  3  4 |
---------------+-------------+-----
Unarmed Combat | 4 5 |  5.8
Fighting       | |  3.2
Dodging        | |  2.4
Stealth        | |  2.1

Action                   |  1- 3 |  4- 6 || total
-------------------------+-------+-------++-------
Melee: Unarmed           |   119 |   115 ||   234
       Punch             |     2 |     1 ||     3
 Stab: Sleeping          |     3 |       ||     3
  Eat: Chunk             |       |     3 ||     3
Armor: Robe              |     8 |       ||     8
       Ring mail         |    44 |    40 ||    84
Dodge: Dodged            |    74 |    49 ||   123
